Map: Prion Terraces

Players

LilDicky

  • Race: Terran Terran
  • League: Diamond

Oswald - Winner!

  • Race: Zerg Zerg
  • League: Platinum

VOD

http://www.twitch.tv/tumescentpie

Description

Time

  • Played on: Dec. 4, 2015, 1:35 p.m.
  • Length: 5:13
Show
View Real Time Build Order
Export as new Build Order

LilDicky Terran 

Build Orders:  

Get SALT Encoding   

  12  0:01  SCV  
  13  0:13  SCV  
  14  0:18  Supply Depot  
  14  0:25  SCV  
  15  0:30  Refinery  
  15  0:41  SCV  
  16  0:46  Barracks  
  16  0:58  SCV  
  17  1:10  SCV  
  18  1:22  SCV  
  19  1:33  Barracks Reactor  
  19  1:38  Command Center  
  19  1:45  Orbital Command  
  19  1:54  Supply Depot  
  19  2:06  Barracks  
  19  2:10  Marine x2  
  21  2:22  Barracks  
  21  2:24  SCV  
  21  2:29  Marine x2  
  24  2:41  SCV  
  25  2:47  Marine x2  
  27  2:51  Orbital Command  
  27  2:54  Barracks Tech Lab  
  27  2:57  SCV  
  28  3:05  Marine x2  
  30  3:09  SCV, Barracks Tech Lab  
  31  3:14  Marine  
  31  3:17  SCV  
  33  3:22  SCV  
  33  3:26  Combat Shields  
  34  3:27  Marine x2  
  34  3:30  Marine  
  34  3:31  Marine  
  38  3:35  SCV  
  38  3:39  Factory  
  39  3:44  SCV  
  39  3:45  Refinery  
  40  3:57  Marine  
  40  3:58  Marauder x2  
  40  3:59  SCV  
  46  4:04  Supply Depot  
  46  4:12  Supply Depot  
  46  4:20  Supply Depot  
  46  4:25  Starport  
  46  4:26  SCV x2, Factory Reactor, Marine x4  
  52  4:35  Supply Depot  
  52  4:41  SCV  
  52  4:44  Marine  
  52  4:45  Marauder, Marine  
  57  4:48  SCV, Marauder  
Show
View Real Time Build Order
Export as new Build Order

Oswald Zerg - Winner!

Build Orders: Pool First 

Get SALT Encoding   

  12  0:02  Drone  
  13  0:14  Overlord  
  13  0:19  Drone  
  14  0:33  Drone x2  
  16  0:41  Drone  
  17  0:48  Spawning Pool  
  16  1:07  Hatchery  
  16  1:09  Drone  
  16  1:21  Drone, Extractor  
  16  1:22  Drone x2  
  18  1:39  Queen  
  20  1:40  Overlord  
  20  1:52  Zergling x2  
  21  2:05  Drone  
  22  2:15  Queen  
  24  2:19  Queen  
  26  2:25  Drone x3  
  29  2:32  Metabolic Boost  
  29  2:36  Drone x2  
  31  2:38  Overlord  
  30  3:02  Roach Warren  
  29  3:13  Overlord x2  
  29  3:14  Overlord  
  29  3:21  Baneling Nest  
  28  3:30  Overlord  
  28  3:31  Overlord  
  28  3:44  Roach x6  
  40  3:51  Zergling x4  
  44  4:02  Roach  
  44  4:03  Roach  
  44  4:04  Zergling x2  
  44  4:05  Zergling x2  
  44  4:08  Baneling  
  48  4:19  Baneling  
  48  4:22  Zergling x12  
  54  4:27  Baneling  
  54  4:30  Zergling x4  
  56  4:38  Baneling  
  52  4:53  Zergling x12  
Tags
 
Add a new tag
Caveats
  • Supply blocks, unpowered buildings, or Contaminate may cause inaccurate times.
  • Supply counts are checked every 10 seconds.